Unix NetHack Version 3.7.0-89 Work-in-progress - last build Sep 24 2023 19:26:52 (48e034876007844a536bf88644040a71d2893410,branch:master). Game began 2023-09-29 17:29:21, ended 2023-09-30 08:06:09. spontiff, neutral male gnomish Healer --------- #|.......| #........| |......<| '@d......| - ------- Spontiff the Rhizotomist St:11 Dx:8 Co:15 In:8 Wi:15 Ch:18 Neutral S:709 Dlvl:7 $:1948 HP:0(24) Pw:7(7) AC:6 Xp:1/0 T:3074 Burdened Latest messages: In what direction? b Status of the large dog (neutral, medium): Level 9 HP 66(72) AC 4, tame, eating. M - a white potion. N - a bubbly potion. O - a scroll labeled PRIRUTSENIE. P - a ruby potion. Q - a scroll labeled VE FORBRYDERNE. T - a dark green potion. U - a scroll labeled KERNOD WEL. V - an unlabeled scroll. X - a potion of full healing. $ - 279 gold pieces (1948 in total). There is a doorway here. There are many more objects here. The large dog misses laycre's ghost. You have a little trouble lifting a pair of snow boots. Continue? [ynq] (q) y You have a little trouble lifting Y - a pair of snow boots. You have a little trouble lifting Z - a cream pie. You have a little trouble lifting b - a magic marker. You have a little trouble lifting d - a black gem. You have a little trouble lifting e - 2 red gems. You have a little trouble lifting h - a gem called g1. You have a little trouble lifting r - 2 gems called y1. Your movements are slowed slightly because of your load. The large dog picks up an arrow. The large dog misses laycre's ghost. The large dog misses laycre's ghost. What do you want to adjust? [a-svwyzBD-HM-Z or ?*] Z Adjust letter to what [tuxACI-LZ] (? see used letters)? a Swapping: a - a cream pie. What do you want to wield? [- W or ?*] a a - a cream pie (wielded). The large dog misses laycre's ghost. The rope golem just misses! The rope golem hits! You have a little trouble lifting t - a bag. The large dog misses laycre's ghost. The rope golem hits! The rope golem hits again! The rope golem grabs you! You cannot escape from the rope golem! The large dog drops an arrow. The large dog bites laycre's ghost. Laycre's ghost misses the large dog. The rope golem hits! The rope golem hits again! You are being choked. You die... Do you want your possessions identified? [ynq] (y) y Do you want to see the dungeon overview? [ynq] (y) y Inventory: Coins $ - 1948 gold pieces Amulets m - an uncursed amulet of life saving Weapons W - an uncursed +0 dart Armor G - a cursed -2 helm of opposite alignment g - an uncursed +1 pair of leather gloves (being worn) Y - a cursed +0 pair of elven boots v - an uncursed +0 pair of iron shoes (being worn) q - an uncursed fireproof +0 dwarvish cloak (being worn) Comestibles y - an uncursed apple a - a cursed cream pie (wielded) n - 2 uncursed food rations p - 5 uncursed tripe rations Scrolls V - a cursed scroll of blank paper f - a cursed scroll of earth l - 2 uncursed scrolls of enchant armor H - an uncursed scroll of enchant weapon U - a cursed scroll of enchant weapon Q - a cursed scroll of identify i - an uncursed scroll of magic mapping O - a cursed scroll of remove curse E - an uncursed scroll of teleportation Spellbooks Z - an uncursed spellbook of teleport away Potions N - a cursed potion of fruit juice X - a cursed potion of full healing P - a cursed potion of gain ability M - an uncursed potion of gain energy B - a blessed potion of healing c - an uncursed potion of healing T - a blessed potion of speed F - an uncursed potion of water Rings R - an uncursed ring of regeneration named !c (on right hand) Wands S - an uncursed wand of sleep (0:7) z - an uncursed wand of striking (0:4) Tools t - a cursed sack containing 1 item w - an uncursed crystal ball (0:5) b - a cursed magic marker (0:49) k - an uncursed skeleton key s - an uncursed stethoscope o - an uncursed tin whistle Gems/Stones e - 2 uncursed jasper stones d - a cursed obsidian stone D - an uncursed worthless piece of green glass h - a cursed worthless piece of green glass j - an uncursed worthless piece of red glass r - 2 cursed worthless pieces of yellow glass Contents of the sack: an uncursed potion of sickness Spontiff the Healer's attributes: Background: You were a Rhizotomist, a level 1 male gnomish Healer. You were neutral, on a mission for Hermes who was opposed by Athena (lawful) and Poseidon (chaotic). You were in the Dungeons of Doom, on level 7. You entered the dungeon 3074 turns ago. There was a full moon in effect when your adventure ended. You had 0 experience points, 20 were needed to attain level 2. Your score was 709 before end-of-game adjustments. Basics: You had 0 out of 24 hit points. You had all 7 energy points (spell power). Your armor class was 6. Your wallet contained 1948 zorkmids. Autopickup was on for '$!/="?' plus thrown, with exceptions. Final Characteristics: Your strength was 11 (limit:18/50). Your dexterity was 8 (limit:18). Your constitution was 15 (limit:18). Your intelligence was 8 (limit:19). Your wisdom was 15 (limit:18). Your charisma was 18 (limit:18). Final Status: You were held by a rope golem (west). You were not hungry. You were burdened; movement was slightly slowed. You were wielding some food. Final Attributes: You were devoutly aligned. You were poison resistant. You had infravision. You regenerated. You were warded. You were lucky. You are dead. Miscellaneous: You encountered 1 bones level. Total elapsed playing time was 2 hours, 42 minutes and 23 seconds. Major events: Turn 1: spontiff the neutral male gnomish Healer entered the dungeon 2142: entered the Gnomish Mines 3074: killed by a rope golem Vanquished creatures: 3 small mimics a shrieker a homunculus 2 kobold leaders a giant bat 2 wererats an iguana an acid blob a gas spore a hobbit 2 manes 3 giant rats 2 cave spiders a yellow mold a red mold a gnome a gnome zombie 2 geckos 8 jackals 2 foxes a kobold 4 goblins 3 sewer rats 8 grid bugs 11 lichens 3 kobold zombies 7 newts 74 creatures vanquished. No species were genocided or became extinct. Voluntary challenges: You never hit with a wielded weapon. You were a pacifist. You read items or engraved 2 times. You never engraved Elbereth. You never genocided any monsters. You never polymorphed an object. You never changed form. You used no wishes. Achievements: You entered a shop. You entered the Gnomish Mines. The Dungeons of Doom: levels 1 to 7 Level 1: "Stashlet" A fountain. Level 2: Many fountains. Level 3: A jewelers, many fountains. Level 4: Some fountains. Stairs down to The Gnomish Mines. Level 5: Many fountains. Oracle of Delphi. Level 6: A fountain. Level 7: <- You were here. Final resting place for you, killed by a rope golem, laycre-Rog-Hum-Fem-Cha, killed by a rope golem. The Gnomish Mines: levels 5 to 6 Level 5: Level 6: Game over: ---------- / \ / REST \ / IN \ / PEACE \ / \ | spontiff | | 1948 Au | | killed by a rope | | golem | | | | | | 2023 | *| * * * | * _________)/\\_//(\/(/\)/\//\/|_)_______ Goodbye spontiff the Healer... You died in The Dungeons of Doom on dungeon level 7 with 669 points, and 1948 pieces of gold, after 3074 moves. You were level 1 with a maximum of 24 hit points when you died.